 Dungeon Crawl Stone Soup version 0.23.2-1-ga50397a (webtiles) character file.

Game seed: 10785253995590332700

475 Magicfruit the Slasher (level 7, -2/53 HPs)
             Began as a Human Fighter on May 25, 2019.
             Slain by an orc
             ... wielding a +0 mace
              (5 damage)
             ... on level 3 of the Dungeon.
             The game lasted 00:06:40 (2103 turns).

Magicfruit the Slasher (Human Fighter)              Turns: 2103, Time: 00:06:41

Health: -2/53      AC:  7    Str: 18    XL:     7   Next: 32%
Magic:  7/7        EV:  7    Int:  9    God:
Gold:   142        SH: 10    Dex: 10    Spells: 6/6 levels left

rFire    . . .     SeeInvis .   a - +0 long sword
rCold    . . .     Gourm    .   c - +1 shield
rNeg     . . .     Faith    .   b - +0 scale mail
rPois    .         Spirit   .   (no helmet)
rElec    .         Reflect  .   (no cloak)
rCorr    .         Harm     .   (no gloves)
MR       .....                  (no boots)
Stlth    ..........             (no amulet)
HPRegen  0.17/turn              (no ring)
MPRegen  0.10/turn              (no ring)

@: no status effects
A: talons 1, clumsy 1, MP-powered wands
a: no special abilities


You were on level 3 of the Dungeon.
You were hungry.

You visited 1 branch of the dungeon, and saw 3 of its levels.

You collected 142 gold pieces.

Inventory:

Hand Weapons
 a - a +0 long sword (weapon)
Armour
 b - a +0 scale mail (worn)
 c - a +1 shield (worn)
Wands
 d - a wand of flame (14)
 h - a wand of acid (9)
 l - a wand of iceblast (6)
Scrolls
 e - 2 scrolls of identify
 g - 2 scrolls of remove curse
 j - 3 scrolls of teleportation
 k - a scroll of amnesia
Potions
 i - a potion of magic
Comestibles
 f - 6 rations


   Skills:
 + Level 3.6 Fighting
 * Level 5.5 Long Blades
 + Level 4.2 Armour
 + Level 1.3 Dodging
 + Level 0.5 Stealth
 + Level 3.8 Shields


You had 6 spell levels left.
You didn't know any spells.
Your spell library was empty.

Dungeon Overview and Level Annotations

Branches:
Dungeon (3/15)

Altars:


Innate Abilities, Weirdness & Mutations

You have sharp toenails.
You are clumsy. (Dex -2)
You expend magic power (3 MP) to strengthen your wands.


Message History

The orc priest calls down the wrath of Beogh upon you.
Beogh smites you!
You hear a shout!
An orc comes into view. It is wielding a +0 falchion.
You see here a scroll labeled FUTHEIHUAMM.
The orc shouts!
An orc comes into view. It is wielding a +0 flail.
An orc wizard comes into view. It is wielding a +0 dagger.
The orc priest invokes the aid of Beogh against you.
Beogh smites you!
Your shield and scale mail prevent you from hitting the orc.
Your kick misses the orc.
The orc priest mumbles some strange prayers to Beogh against you.
Beogh smites you!
* * * LOW HITPOINT WARNING * * *
The orc hits you with a +0 mace.
* * * LOW HITPOINT WARNING * * *
There is a stone staircase leading down here.
The orc hits you with a +0 mace.
You die...

#. #.#.........#
##.
##.##.##........#
... #....o
#..####### ...
#.....###..######
... #o...?.....#
... #o.........#
... #.o........#
... #.o........#
... #.@........#
... ############
###


You could see an orc priest, an orc wizard and 3 orcs.

Vanquished Creatures
  Grinder (D:3)
  An ice beast (D:3)
  An orc priest (D:3)
  Jessica (D:2)
  4 adders
  2 oozes
  2 worms
  2 dart slugs (D:1)
  5 leopard geckos
  2 orcs (D:3)
  A ball python (D:2)
  4 giant cockroaches
  9 goblins
  10 hobgoblins
  A quokka (D:2)
  4 bats (D:2)
  A frilled lizard (D:1)
  5 kobolds
  5 rats
61 creatures vanquished.

Notes
Turn   | Place    | Note
-------+----------+-------------------------------------------
     0 | D:1      | Magicfruit the Human Fighter began the quest for the Orb.
     0 | D:1      | Reached XP level 1. HP: 18/18 MP: 1/1
    97 | D:1      | Reached XP level 2. HP: 21/24 MP: 2/2
   321 | D:1      | Reached XP level 3. HP: 27/29 MP: 3/3
   723 | D:2      | Gained mutation: You are clumsy. (Dex -2) [potion of
                  | mutation]
   723 | D:2      | Gained mutation: You have sharp toenails. [potion of
                  | mutation]
   723 | D:2      | Gained mutation: You expend magic power (3 MP) to
                  | strengthen your wands. [potion of mutation]
   795 | D:2      | Reached XP level 4. HP: 35/35 MP: 4/4
   850 | D:2      | Reached skill level 3 in Long Blades
  1376 | D:2      | Noticed Jessica
  1385 | D:2      | Killed Jessica
  1385 | D:2      | Reached XP level 5. HP: 41/41 MP: 5/5
  1643 | D:3      | Noticed an ice beast
  1644 | D:3      | Noticed Grinder
  1652 | D:3      | Paralysed by Grinder for 4 turns
  1662 | D:3      | Killed an ice beast
  1662 | D:3      | Reached skill level 4 in Long Blades
  1662 | D:3      | Reached XP level 6. HP: 24/47 MP: 6/6
  1678 | D:3      | Killed Grinder
  1678 | D:3      | Reached skill level 5 in Long Blades
  1678 | D:3      | Reached skill level 1 in Dodging
  1678 | D:3      | Reached XP level 7. HP: 17/53 MP: 7/7
  2103 | D:3      | Slain by an orc

Skill      XL: |  1  2  3  4  5  6 |
---------------+-------------------+-----
Long Blades    | 3 4 5 |  5.5
Armour         | 4 |  4.2
Dodging        | 1 |  1.3
Fighting       | |  3.6
Stealth        | |  0.5
Shields        | |  3.8

Action                   |  1- 3 |  4- 6 |  7- 9 || total
-------------------------+-------+-------+-------++-------
Melee: Long sword        |   106 |    80 |    26 ||   212
       Kick              |       |    12 |     3 ||    15
  Use: Scroll            |     4 |     2 |       ||     6
       Potion            |     2 |     2 |     2 ||     6
  Eat: Ration            |       |     1 |       ||     1
Armor: Scale mail        |    70 |    40 |    10 ||   120
Dodge: Dodged            |    41 |    29 |     3 ||    73
Block: Shield            |    88 |    43 |     9 ||   140
       Rpst.: Long sword |    15 |     7 |     1 ||    23
